AoeStats
← vagos.fran

Coastal Forest

510627407Analyzed
3v3 RM · 2d ago on Oct 1, 2026· 23m 41s· 6 players
Game mode
Random Map
Map size
Normal (6 player)
Population
200
Speed
Normal
Resources
Standard
Victory
Conquest
Starting age
Dark Age
Ending age
Imperial Age
RankedLock teamsTeams togetherTeam positionsShared explorationLock speedFull tech treeHidden civsTurbo modeCheats
Victory
Defeat
🇪🇸 Khmer · Spain
1409
+12
🇪🇸 Huns · Spain
1274
+17
🇪🇸 Varangians · Spain
1222
+19
🇧🇷 Magyars · Brazil
1371
-19
🇧🇷 Britons · Brazil
1288
-15
🇧🇷 Burmese · Brazil
1251
-14
vagos.fran
6:37 Loom
9:18 Feudal Age
10:21 Double-Bit Axe
10:35 Horse Collar
19:47 Scale Barding Armor
22:56 Castle Age
22:58 Forging
23:40 Bloodlines
23:53 Bow Saw
23:45 Heavy Plow
24:14 Husbandry
pauito79_ator
2:20 Loom
9:42 Feudal Age
10:14 Double-Bit Axe
13:23 Fletching
16:50 Padded Archer Armor
17:32 Horse Collar
22:54 Castle Age
21:44 Gold Mining
23:04 Crossbowman
23:42 Bodkin Arrow
24:03 Leather Archer Armor
a.arias.age
6:39 Loom
9:11 Feudal Age
11:57 Bloodlines
12:42 Forging
14:02 Scale Barding Armor
18:44 Wheelbarrow
20:18 Horse Collar
20:28 Double-Bit Axe
Pikachu Pay
7:35 Loom
10:37 Feudal Age
10:43 Man-at-Arms
11:09 Arson
11:54 Fishing Lines
17:46 Horse Collar
18:55 Scale Mail Armor
wandersonkilim
2:39 Loom
10:22 Feudal Age
11:39 Double-Bit Axe
KID EmSexto
7:26 Loom
10:36 Feudal Age
11:16 Double-Bit Axe
18:18 Fletching
22:38 Castle Age
21:13 Padded Archer Armor
21:16 Horse Collar
Connection lost

Rejoining the realm…

Still unreachable

The connection could not be restored.

Session expired

The server has moved on; the page needs a fresh start.